 Dungeon Crawl Stone Soup version 0.26-b1-32-g5d43845318 (webtiles) character file.

Game seed: 16078412072687096104

3 sentinel the Conjurer (level 1, 0/15 HPs)
             Began as a Demonspawn Conjurer on Jan 11, 2021.
             Slain by a giant cockroach (1 damage)
             ... on level 1 of the Dungeon.
             The game lasted 00:00:10 (114 turns).

sentinel the Conjurer (Demonspawn Conjurer)          Turns: 114, Time: 00:00:11

Health: 0/15       AC:  2    Str:  7    XL:     1   Next: 41%
Magic:  0/3        EV: 12    Int: 19    God:
Gold:   0          SH:  0    Dex: 11    Spells: 3/4 levels left

rFire    . . .     SeeInvis .   c - +0 dagger
rCold    . . .     Faith    .   (no shield)
rNeg     . . .     Spirit   .   a - +0 robe
rPois    .         Reflect  .   (no helmet)
rElec    .         Harm     .   (no cloak)
rCorr    .         Rampage  .   (no gloves)
Will     .....                  (no boots)
Stlth    ++........             (no amulet)
HPRegen  0.05/turn              (no ring)
MPRegen  0.08/turn              (no ring)

@: no status effects
A: no striking features
a: no special abilities


You were on level 1 of the Dungeon.
You visited 1 branch of the dungeon, and saw 1 of its levels.

Inventory:

Hand Weapons
 c - a +0 dagger (weapon)
Armour
 a - a +0 robe (worn)
Scrolls
 b - a scroll of identify {unknown}


   Skills:
 + Level 1.0 Fighting
 - Level 1.7 Dodging
 - Level 1.7 Stealth
 - Level 2.0 Spellcasting
 - Level 4.0 Conjurations


You had 3 spell levels left.
You knew the following spells:

 Your Spells              Type           Power        Failure   Level
a - Magic Dart            Conj           68%          3%          1

Your spell library contained the following spells:

 Spells                   Type           Power        Failure   Level
 Searing Ray              Conj           34%          4%          2
 Dazzling Flash           Conj/Hex       18%          22%         3
 Fulminant Prism          Conj/Hex       4%           58%         4
 Iskenderun's Mystic Bla  Conj/Tloc      9%           58%         4


Dungeon Overview and Level Annotations

Branches:
Dungeon (1/15)

Altars:


Message History

Options error: Bad channel -- pray (~/.crawlrc:3650) Options error: Bad channel -- food (~/.crawlrc:3653) Options error: Bad channel -- rotten_meat (~/.crawlrc:3670) Welcome, sentinel the Demonspawn Conjurer.
Will you be the one to retrieve the legendary Orb of Zot from the depths?
Found a staircase leading out of the dungeon.
A goblin comes into view. It is wielding a +0 dagger.
But you're not safe! But you're not safe! But you're not safe!
But you're not safe!
The magic dart hits the goblin.
You kill the goblin!
You can't see any susceptible monsters within range! (Use Z to cast anyway.)
You can't see any susceptible monsters within range! (Use Z to cast anyway.)
You can't see any susceptible monsters within range! (Use Z to cast anyway.)
You can't see any susceptible monsters within range! (Use Z to cast anyway.)
You can't see any susceptible monsters within range! (Use Z to cast anyway.)
b - a scroll labelled ZYOSSE BANE
Things that are here:
a +0 dagger; a goblin corpse
c - a +0 dagger (weapon)
A bat comes into view.
But you're not safe! But you're not safe!
The magic dart hits the bat.
You kill the bat!
You can't see any susceptible monsters within range! (Use Z to cast anyway.)
You can't see any susceptible monsters within range! (Use Z to cast anyway.)
You can't see any susceptible monsters within range! (Use Z to cast anyway.)
You can't see any susceptible monsters within range! (Use Z to cast anyway.)
Found a stone staircase leading down.
You open the door.
A bat and a giant cockroach come into view.
But you're not safe! But you're not safe! But you're not safe!
The magic dart hits the bat.
The bat hits you but does no damage.
The magic dart hits the bat.
The bat hits you but does no damage.
The magic dart hits the bat.
You kill the bat!
Your Fighting skill increases to level 1!
You don't have enough magic to cast that spell.
You don't have enough magic to cast that spell.
You don't have enough magic to cast that spell.
But you're not safe! But you're not safe! But you're not safe!
But you're not safe!
A giant cockroach and a goblin come into view.
Found a chain mail.
There is an open door here.
You hit the giant cockroach. The giant cockroach barely misses you.
You hit the giant cockroach but do no damage.
The giant cockroach misses you. The goblin closely misses you.
You closely miss the giant cockroach. The giant cockroach closely misses you.
The goblin barely misses you. The giant cockroach barely misses you.
You hit the giant cockroach. The goblin barely misses you.
The giant cockroach bites you.
You hit the giant cockroach but do no damage.
The giant cockroach barely misses you. The goblin hits you.
You hit the giant cockroach but do no damage.
The giant cockroach closely misses you. The goblin hits you but does no damage.
You hit the giant cockroach.
The giant cockroach bites you but does no damage.
The goblin misses you.
You hit the giant cockroach but do no damage.
The giant cockroach closely misses you. The goblin misses you.
The giant cockroach bites you but does no damage. x2
You hit the giant cockroach but do no damage.
The goblin hits you. The giant cockroach misses you. x2
You closely miss the giant cockroach. The giant cockroach closely misses you.
The giant cockroach barely misses you. The goblin barely misses you.
The giant cockroach bites you but does no damage.
The giant cockroach bites you.
The magic dart hits the giant cockroach.
The giant cockroach bites you but does no damage.
You don't have enough magic to cast that spell.
You barely miss the giant cockroach.
The giant cockroach waves its antennae.
The giant cockroach bites you.
You barely miss the giant cockroach. The giant cockroach closely misses you.
You hit the giant cockroach. The giant cockroach bites you.
You are too injured to fight recklessly!
You are too injured to fight recklessly!
You are too injured to fight recklessly!
You are too injured to fight recklessly!
You are too injured to fight recklessly!
You are too injured to fight recklessly!
You are too injured to fight recklessly!
You are too injured to fight recklessly!
You are too injured to fight recklessly!
You are too injured to fight recklessly!
You are too injured to fight recklessly!
You are too injured to fight recklessly!
You are too injured to fight recklessly!
You are too injured to fight recklessly!
Aim: a giant cockroach (almost dead, 0% to evade)
The magic dart hits the giant cockroach but does no damage.
The giant cockroach closely misses you. x2
You hit the giant cockroach but do no damage.
The giant cockroach bites you.
You hit the giant cockroach but do no damage.
The giant cockroach bites you but does no damage.
You hit the giant cockroach but do no damage.
The giant cockroach barely misses you.
You hit the giant cockroach but do no damage.
The giant cockroach waves its antennae.
The giant cockroach bites you but does no damage.
You completely miss the giant cockroach.
The giant cockroach bites you. x2
* * * LOW HITPOINT WARNING * * *
HP warning!
You closely miss the giant cockroach. The giant cockroach bites you.
You die...

.. #..# ... #..#
....####..#
.......#..#
.......#..#########
.......'..........>
.......#..#########
.......#..#########
.......#...gBB@...#
.......#.########.#
.......#.#.....##.#
.......#†#.###.##.#
.[.....#.#.# #.##.#
#.#.# #.##.# #.#.#
#.##.# #.#.# #.##†#
#.# #.##.#


You could see 2 giant cockroaches and a goblin.

Vanquished Creatures
  A goblin (D:1)
  2 bats (D:1)
3 creatures vanquished.

Notes
Turn   | Place    | Note
-------+----------+-------------------------------------------
     0 | D:1      | sentinel the Demonspawn Conjurer began the quest for the
                  | Orb.
     0 | D:1      | Reached XP level 1. HP: 13/13 MP: 3/3
    86 | D:1      | Reached skill level 1 in Fighting
   114 | D:1      | Slain by a giant cockroach

Illustrated notes

Levels and vault maps discovered:
D:1:      mrwooster_arrival_statue_2, layout_basic

Skill      XL: |  1 |
---------------+----+-----
Fighting       | 1 |  1.0
Dodging        | |  1.7
Stealth        | |  1.7
Spellcasting   | |  2.0
Conjurations   | |  4.0

Action                   || total
-------------------------++-------
Melee: Dagger            ||    19
 Cast: Magic Dart        ||     7
Armor: Robe              ||    10
Dodge: Dodged            ||    21
